 Dungeon Crawl Stone Soup version 0.23.0-38-g208d714 (webtiles) character file.

Game seed: 17557130371023442364

121 Fang the Skirmisher (level 5, -9/33 HPs)
             Began as a Gargoyle Berserker on Feb 27, 2019.
             Was a Believer of Trog.
             Killed by divine providence
             ... invoked by an orc priest
              (15 damage)
             ... on level 3 of the Dungeon.
             The game lasted 00:01:29 (2155 turns).

Fang the Skirmisher (Gargoyle Berserker)            Turns: 2155, Time: 00:01:30

Health: -9/33      AC: 13    Str: 21    XL:     5   Next: 5%
Magic:  5/5        EV:  8    Int:  8    God:    Trog [**....]
Gold:   120        SH:  0    Dex:  9    Spells: 4/4 levels left

rFire    . . .     SeeInvis .   p - -1 war axe (curse)
rCold    . . .     Gourm    .   (no shield)
rNeg     + . .     Faith    .   n - +0 chain mail
rPois    ∞         Spirit   .   (no helmet)
rElec    +         Reflect  .   (no cloak)
rCorr    .         Harm     .   (no gloves)
MR       .....                  (no boots)
Stlth    ..........             (no amulet)
HPRegen  0.11/turn              (no ring)
MPRegen  0.09/turn              (no ring)

@: no status effects
A: negative energy resistance 1, electricity resistance, unbreathing,
petrification resistance, rot immunity, AC +4
a: Berserk, Trog's Hand, Renounce Religion


You were on level 3 of the Dungeon.
You worshipped Trog.
Trog was pleased with you.
You were near starving.

You visited 1 branch of the dungeon, and saw 3 of its levels.

You collected 120 gold pieces.

Inventory:

Hand Weapons
 p - a cursed -1 war axe (weapon)
Armour
 n - a +0 chain mail (worn)
Scrolls
 b - a scroll of blinking {unknown}
 e - 5 scrolls of identify {unknown}
 f - 2 scrolls of fear {unknown}
 g - a scroll of immolation {unknown}
 h - a scroll of fog {unknown}
 i - a scroll of teleportation {unknown}
 l - a scroll of enchant armour {unknown}
 m - a scroll of remove curse {unknown}
 o - 2 scrolls of magic mapping {unknown}
Potions
 a - a potion of cancellation {unknown}
 d - a potion of degeneration {unknown}
 j - a potion of agility {unknown}
 k - a potion of brilliance {unknown}
Comestibles
 c - 4 rations


   Skills:
 + Level 4.1 Fighting
 + Level 3.4 Axes
 + Level 3.3 Armour
 + Level 2.4 Dodging


You had 4 spell levels left.
You didn't know any spells.
Your spell library was empty.

Dungeon Overview and Level Annotations

Branches:
Dungeon (3/15)

Altars:
Ashenzari


Innate Abilities, Weirdness & Mutations

You are resistant to torment.
Your stone body is resilient. (AC +4)
You are immune to poison.
You resist negative energy. (rN+)
You are resistant to electric shocks. (rElec)
You can survive without breathing.
You are immune to petrification.
You are immune to rotting.


Message History

You hit the orc priest but do no damage.
The orc priest is almost dead.
The orc priest hits you but does no damage. x2
Your chain mail prevents you from hitting the orc priest.
The orc priest is almost dead.
The orc priest looks braver for a moment.
You barely miss the orc priest.
The orc priest is almost dead.
The orc priest hits you but does no damage.
The orc priest mumbles some strange prayers to Beogh against you.
Pain shoots through your body!
* * * LOW HITPOINT WARNING * * *
You closely miss the orc priest.
The orc priest is almost dead.
The orc priest barely misses you.
You hit the orc priest but do no damage.
The orc priest is almost dead.
The orc priest calls down the wrath of Beogh upon you.
Beogh smites you!
You die...

##. #.###.#
..<.#.....#
##..#.....#
..%.....?.# ######
...$......# .....#
..........# .....##
###....o[.###.......#
......$@.............
###.....#..###......#
.....($.#.....(.....#
.............<......#
.......##!.####.#####
....... #..( ..
#####.# #.### ## #.
..# #...


You could see an orc priest.

Vanquished Creatures
  3 gnolls (D:2)
  3 adders (D:2)
  A shadow imp (D:2)
  An ooze (D:2)
  2 worms (D:2)
  A dart slug (D:2)
  2 leopard geckos (D:1)
  4 orcs (D:3)
  A ball python (D:1)
  2 giant cockroaches (D:1)
  2 goblins
  7 hobgoblins
  4 kobolds
  A quokka (D:2)
  6 bats
  2 frilled lizards
  A rat (D:3)
43 creatures vanquished.

Notes
Turn   | Place    | Note
-------+----------+-------------------------------------------
     0 | D:1      | Fang the Gargoyle Berserker began the quest for the Orb.
     0 | D:1      | Reached XP level 1. HP: 14/14 MP: 1/1
    94 | D:1      | Reached XP level 2. HP: 14/19 MP: 2/2
   750 | D:2      | Reached XP level 3. HP: 17/23 MP: 3/3
   859 | D:2      | Reached XP level 4. HP: 22/29 MP: 4/4
   994 | D:2      | Reached skill level 4 in Fighting
  1660 | D:2      | Found a shattered altar of Ashenzari.
  1734 | D:2      | Reached ** piety under Trog
  2129 | D:3      | Reached XP level 5. HP: 20/33 MP: 5/5
  2155 | D:3      | Killed from afar by an orc priest

Skill      XL: |  1  2  3  4 |
---------------+-------------+-----
Axes           | 3 |  3.4
Dodging        | 2 |  2.4
Armour         | 3 |  3.3
Fighting       | 4 |  4.1

Action                   |  1- 3 |  4- 6 || total
-------------------------+-------+-------++-------
Melee: Hand axe          |    71 |    75 ||   146
       War axe           |       |    44 ||    44
Invok: Berserk           |     1 |       ||     1
 Stab: Sleeping          |       |     1 ||     1
  Eat: Chunk             |       |     3 ||     3
Armor: Animal skin       |    31 |    26 ||    57
       Chain mail        |       |    47 ||    47
Dodge: Dodged            |    42 |    69 ||   111
